 Dungeon Crawl Stone Soup version 0.26.1-10-gdfb7c7de75 (webtiles) character file.

Game seed: 6678151784825053736

61 manyhoops the Skirmisher (level 3, 0/35 HPs)
             Began as a Palentonga Transmuter on Apr 9, 2021.
             Slain by an adder (3 damage)
             ... on level 2 of the Dungeon.
             The game lasted 00:01:25 (1620 turns).

manyhoops the Skirmisher (Palentonga Transmuter)    Turns: 1620, Time: 00:01:25

Health: 0/35       AC:  5    Str: 20    XL:     3   Next: 83%
Magic:  3/6        EV: 10    Int: 13    God:
Gold:   93         SH:  0    Dex: 10    Spells: 3/6 levels left

rFire    + . .     SeeInvis +     - Unarmed
rCold    + . .     Faith    +   (no shield)
rNeg     . . .     Spirit   .   a - +0 robe
rPois    +         Reflect  .   (helmet currently unavailable)
rElec    +         Harm     .   d - +0 cloak
rCorr    +         Rampage  .   (no gloves)
Will     .....                  (no barding)
Stlth    +.........             f - amulet of faith
HPRegen  0.11/turn              i - +6 ring of strength
MPRegen  0.10/turn              (no ring)

@: brilliant, lethally poisoned (0 -> -5), appendages (expiring), resistant,
wereblooded
A: large, horns 2, talons 2, rugged brown scales 3, see invisible, deformed
body, roll 1, armoured tail
a: Rolling Charge, End Transformation


You were on level 2 of the Dungeon.
You had grown temporary horns.
You had grown temporary talons.
You visited 1 branch of the dungeon, and saw 2 of its levels.

You collected 93 gold pieces.

Inventory:

Armour
 a - a +0 robe (worn)
 d - a +0 cloak (worn)
Jewellery
 f - an amulet of faith (around neck)
 i - a +6 ring of strength (left hand)
Scrolls
 b - 3 scrolls of teleportation {unknown}
 e - 2 scrolls of fog {unknown}
 g - 2 scrolls of identify {unknown}
 h - a scroll of random uselessness {unknown}
 k - a scroll of amnesia {unknown}


   Skills:
 + Level 3.8 Fighting
 - Level 1.5 Dodging
 - Level 3.0 Unarmed Combat
 - Level 2.0 Spellcasting
 - Level 2.0 Transmutations


You had 3 spell levels left.
You knew the following spells:

 Your Spells              Type           Power        Failure   Level
a - Beastly Appendage     Tmut           18%          11%         1
b - Wereblood             Tmut           9%           17%         2

Your spell library contained the following spells:

 Spells                   Type           Power        Failure   Level
 Spider Form              Tmut/Pois      2%           45%         3
 Ice Form                 Ice/Tmut       5%           86%         4
 Blade Hands              Tmut           4%           97%         5


Dungeon Overview and Level Annotations

Branches:
Dungeon (2/15)

Altars:


Innate Abilities, Weirdness & Mutations

You are completely covered in rugged brown scales. (AC +3, +7% HP)
You have supernaturally acute eyesight. (SInv)
Armour fits poorly on your strangely shaped body.
You can roll at nearby foes to attack.
You have a long armoured tail.
You have a pair of horns on your head.
You have razor-sharp toenails.


Message History

The adder is moderately wounded.
You feel sick. The adder closely misses you. The adder bites you.
Your magical contamination has completely faded away.
You barely miss the adder. You claw the adder!
You kill the adder!
The adder bites you.
* * * LOW HITPOINT WARNING * * *
You closely miss the adder. Your kick misses the adder.
You howl as the wereblood boils in your veins!
You feel sick. The adder bites you.
* * * LOW HITPOINT WARNING * * *
It was a potion of resistance.
You feel protected.
You howl as the wereblood boils in your veins!
* * * LOW HITPOINT WARNING * * *
You feel sick. The adder bites you but does no damage.
It was a potion of brilliance.
You feel clever all of a sudden. The adder bites you.
You die...

#. #. ##.##
###. .... .....
######..##.....
(.
...........##.#
.....
.......gg..##.#
..... #S#
##.##..... #@#
##.........
#.###.........>
#.............<
#####...†......
##.........
##.####### #†#
#)# #.# ####


You could see an adder and 2 goblins.

Vanquished Creatures
  An adder (D:2)
  4 dart slugs
  A leopard gecko (D:1)
  4 bats
  3 giant cockroaches (D:1)
  4 goblins
  6 hobgoblins (D:1)
  6 jackals (D:1)
  3 kobolds (D:1)
  2 frilled lizards
  5 rats
39 creatures vanquished.

Notes
Turn   | Place    | Note
-------+----------+-------------------------------------------
     0 | D:1      | manyhoops the Palentonga Transmuter began the quest for the
                  | Orb.
     0 | D:1      | Reached XP level 1. HP: 17/17 MP: 3/3
   292 | D:1      | Reached XP level 2. HP: 16/25 MP: 3/5
   381 | D:1      | Learned a level 2 spell: Wereblood
   779 | D:1      | Reached XP level 3. HP: 31/33 MP: 6/6
  1620 | D:2      | Slain by an adder

Illustrated notes

Levels and vault maps discovered:
D:1:      sevenhm_arrival_forest_fort_small_6, layout_loops_ring
D:2:      layout_loops_ring, chequers_serial_rivers_micro_e

Skill      XL: |  1  2 |
---------------+-------+-----
Fighting       | 2 3 |  3.8
Dodging        | |  1.5
Unarmed Combat | |  3.0
Spellcasting   | |  2.0
Transmutations | |  2.0

Action                   || total
-------------------------++-------
Melee: Unarmed           ||   120
       Kick              ||    11
       Headbutt          ||     5
       Tailslap          ||    14
       Punch             ||     2
 Cast: Beastly Appendage ||    17
       Wereblood         ||     1
  Use: Potion            ||     2
Armor: Robe              ||    47
Dodge: Dodged            ||    78
